AoeStats
← axelinho 123836

Lombardia

509914852Analyzed
4v4 RM · 2d ago on Sep 28, 2026· 55m 26s· 8 players
Game mode
Random Map
Map size
Large (8 player)
Population
200
Speed
Normal
Resources
Standard
Victory
Conquest
Starting age
Dark Age
Ending age
Imperial Age
RankedLock teamsTeams togetherTeam positionsShared explorationLock speedFull tech treeHidden civsTurbo modeCheats
Victory
Defeat
🇳🇱 Varangians · Netherlands
1038
+17
🇮🇹 Ethiopians · Italy
1018
+18
🇭🇰 Byzantines · Hong Kong SAR China
1015
+18
🇭🇰 Mongols · Hong Kong SAR China
989
+19
🇫🇷 Cumans · France
1170
-22
🇫🇷 Vietnamese · France
1044
-17
🇦🇷 Britons · Argentina
1038
-17
🇨🇳 Franks · China
1000
-48
MrSniffers
6:51 Loom
11:32 Feudal Age
12:11 Double-Bit Axe
15:39 Castle Age
14:57 Bloodlines
21:43 Scale Mail Armor
26:29 Gambesons
32:27 Horse Collar
34:23 Gold Mining
35:39 Husbandry
39:02 Imperial Age
38:27 Scale Barding Armor
38:33 Heavy Plow
38:44 Bow Saw
38:27 Stone Mining
39:36 Wheelbarrow
39:24 Forging
40:23 Conscription
40:52 Iron Casting
40:45 Elite Jarl
43:33 Blast Furnace
42:56 Cavalier
42:58 Vendel Legacy
44:29 Crop Rotation
47:12 Chain Barding Armor
48:59 Hand Cart
50:01 Plate Barding Armor
52:51 Two-Man Saw
52:09 Chain Mail Armor
idle villager
9:00 Loom
11:28 Feudal Age
18:53 Castle Age
16:49 Double-Bit Axe
17:37 Horse Collar
19:04 Stone Mining
20:30 Bow Saw
21:05 Wheelbarrow
22:30 Heavy Plow
25:52 Gold Mining
27:17 Gold Shaft Mining
30:22 Husbandry
30:34 Bloodlines
30:56 Scale Barding Armor
31:01 Forging
33:28 Imperial Age
32:29 Chain Barding Armor
33:48 Fletching
34:34 Iron Casting
34:37 Conscription
33:57 Elite Steppe Lancer
36:25 Chemistry
37:01 Capped Ram
39:09 Hand Cart
40:23 Blast Furnace
38:58 Siege Ram
40:22 Elite Mangudai
45:55 Bodkin Arrow
46:23 Ballistics
46:32 Padded Archer Armor
47:37 Drill
47:05 Light Cavalry
48:50 Onager
50:02 Caravan
55:44 Town Watch
Bombero90
11:28 Feudal Age
20:13 Castle Age
18:33 Fletching
20:35 Stone Mining
20:37 Double-Bit Axe
20:29 Crossbowman
21:35 Elite Skirmisher
22:56 Padded Archer Armor
26:23 Bow Saw
44:51 Husbandry
44:12 Light Cavalry
45:08 Gold Mining
47:28 Ballistics
51:13 Gold Shaft Mining
51:16 Stone Shaft Mining
55:22 Imperial Age
54:19 Bodkin Arrow
54:39 Leather Archer Armor
香江七百萬大才子
3:14 Loom
11:12 Feudal Age
14:53 Wheelbarrow
17:46 Castle Age
15:58 Double-Bit Axe
16:06 Stone Mining
16:42 Gold Mining
21:36 Bow Saw
22:05 Stone Shaft Mining
21:12 Horse Collar
27:40 Scale Barding Armor
27:46 Forging
34:59 Imperial Age
34:03 Chain Barding Armor
34:19 Iron Casting
34:15 Fletching
36:24 Hand Cart
36:12 Heavy Plow
36:50 Gold Shaft Mining
36:44 Conscription
38:02 Logistica
38:39 Husbandry
38:02 Light Cavalry
39:51 Plate Barding Armor
39:13 Hussar
40:41 Elite Cataphract
42:17 Bodkin Arrow
46:04 Bracer
46:04 Padded Archer Armor
46:18 Caravan
Kim jong-un
6:43 Loom
9:11 Feudal Age
9:53 Double-Bit Axe
12:28 Gold Mining
16:44 Horse Collar
17:24 Fletching
23:13 Stone Mining
25:28 Castle Age
23:43 Town Watch
24:04 Padded Archer Armor
25:17 Scale Mail Armor
25:33 Crossbowman
26:11 Bodkin Arrow
26:53 Bow Saw
26:29 Pikeman
28:01 Man-at-Arms
31:40 Ballistics
32:43 Gold Shaft Mining
32:30 Thumb Ring
34:49 Wheelbarrow
36:58 Hand Cart
41:31 Imperial Age
40:28 Steppe Husbandry
42:51 Conscription
42:51 Heavy Plow
43:54 Two-Man Saw
43:49 Parthian Tactics
44:36 Bloodlines
45:42 Leather Archer Armor
45:05 Heavy Cavalry Archer
48:53 Chemistry
Bizonbizou
7:35 Loom
10:10 Feudal Age
10:47 Double-Bit Axe
14:01 Fletching
14:30 Horse Collar
21:35 Castle Age
20:23 Padded Archer Armor
21:03 Wheelbarrow
21:10 Stone Mining
21:12 Gold Mining
22:18 Bodkin Arrow
22:26 Crossbowman
24:50 Bow Saw
26:26 Ballistics
26:17 Town Watch
26:48 Heavy Plow
29:48 Thumb Ring
30:02 Leather Archer Armor
30:55 Hand Cart
36:32 Imperial Age
38:42 Crop Rotation
39:17 Two-Man Saw
38:40 Bracer
39:10 Ring Archer Armor
38:03 Arbalester
39:48 Chemistry
39:56 Paper Money
41:35 Town Patrol
43:28 Scale Barding Armor
46:12 Light Cavalry
46:53 Husbandry
47:57 Forging
49:43 Bloodlines
49:59 Chain Barding Armor
50:15 Iron Casting
51:53 Plate Barding Armor
axelinho 123836
5:19 Loom
11:17 Feudal Age
12:47 Wheelbarrow
12:02 Double-Bit Axe
12:02 Horse Collar
13:34 Gold Mining
14:11 Stone Mining
17:35 Castle Age
17:15 Fletching
17:26 Padded Archer Armor
18:41 Bow Saw
22:52 Heavy Plow
27:21 Hand Cart
27:45 Padded Archer Armor
29:10 Yeomen
30:30 Gold Shaft Mining
32:40 Ballistics
36:19 Imperial Age
34:30 Bodkin Arrow
34:50 Leather Archer Armor
36:00 Scale Mail Armor
36:10 Forging
39:34 Squires
42:11 Elite Longbowman
47:09 Chain Mail Armor
47:30 Iron Casting
47:11 Pikeman
49:30 Halberdier
种田养鱼
Connection lost

Rejoining the realm…

Still unreachable

The connection could not be restored.

Session expired

The server has moved on; the page needs a fresh start.